 Dungeon Crawl Stone Soup version 0.20-a0-839-gdaf5c57 (webtiles) character file.

240 Amciq the Shield-Bearer (level 6, 0/49 HPs)
             Began as a Formicid Fighter on Mar 8, 2017.
             Slain by a bullfrog (7 damage)
             ... on level 3 of the Dungeon.
             The game lasted 00:07:32 (2432 turns).

Amciq the Shield-Bearer (Formicid Fighter)          Turns: 2432, Time: 00:07:33

Health: 0/49       AC:  7    Str: 22    XL:     6   Next: 29%
Magic:  6/6        EV:  8    Int:  8    God:
Gold:   141        SH: 10    Dex: 10    Spells: 5/5 levels left

rFire    . . .     SeeInvis +   a - +0 flail
rCold    . . .     Gourm    .   b - +0 scale mail
rNeg     . . .     Faith    .   c - +0 shield
rPois    .         Spirit   .   (helmet unavailable)
rElec    .         Reflect  .   (no cloak)
rCorr    .         Harm     .   (no gloves)
MR       .....                  (no boots)
Stlth    ++........             (no amulet)
Regen    0.2/turn               j - ring of stealth
MPRegen  0.1/turn               (no ring)

@: no status effects
A: permanent stasis, dig shafts and tunnels, four strong arms, antennae 3
a: Dig, Shaft Self


You were on level 3 of the Dungeon.
You were not hungry.

You visited 1 branch of the dungeon, and saw 3 of its levels.

You collected 141 gold pieces.

Inventory:

Hand Weapons
 a - a +0 flail (weapon)
Armour
 b - a +0 scale mail (worn)
 c - a +0 shield (worn)
Jewellery
 j - a ring of stealth (right hand)
Scrolls
 l - a scroll of remove curse
 o - a scroll of immolation {unknown}
 p - a scroll of fog {unknown}
 q - a scroll of amnesia {unknown}
 s - a scroll of enchant weapon {unknown}
 u - a scroll of blinking {unknown}
 y - a scroll of random uselessness {unknown}
 z - 3 scrolls of magic mapping {unknown}
Potions
 e - 2 potions of curing
 i - a potion of heal wounds {unknown}
 k - a potion of brilliance {unknown}
 n - a potion of flight {unknown}
 r - a potion of cancellation {unknown}
 t - a potion of magic
 x - a potion of resistance
Comestibles
 f - 2 bread rations
 g - 5 chunks of flesh
 m - 3 fruits
 w - a royal jelly


   Skills:
 + Level 4.5 Fighting
 + Level 3.0 Maces & Flails
 + Level 4.3 Armour
 + Level 3.1 Stealth
 + Level 4.8 Shields


You had 5 spell levels left.
You didn't know any spells.

Dungeon Overview and Level Annotations

Branches:
Dungeon (3/15)

Altars:
Ashenzari
Nemelex Xobeh


Innate Abilities, Weirdness & Mutations

You cannot be hasted, slowed, berserked, paralysed or teleported.
You can dig through walls and to a lower floor.
Your four strong arms can wield two-handed weapons with a shield.
You have a pair of large antennae on your head. (SInv)


Message History

The bullfrog is severely wounded.
You block the bullfrog's attack. x2
You barely miss the bullfrog.
The bullfrog is severely wounded.
You block the bullfrog's attack.
The bullfrog hits you but does no damage.
You closely miss the bullfrog.
The bullfrog is severely wounded.
The bullfrog hits you.
* * * LOW HITPOINT WARNING * * *
You block the bullfrog's attack.
Your scale mail prevents you from hitting the bullfrog.
The bullfrog is severely wounded.
The bullfrog hits you but does no damage.
The bullfrog hits you.
* * * LOW HITPOINT WARNING * * *
You miss the bullfrog.
The bullfrog is severely wounded.
The bullfrog closely misses you. The bullfrog hits you!
You die...

##### ####
##...### #..#
#......## #..##
#@.....=## #...#
#F###....### #...#
#.# ###....###...#
#.# ##.........#
#.# ##........#
#.# ###......#
#.##############.#
#....<.....#####†#
##>F............÷.


You could see a bullfrog.

Vanquished Creatures
  A sky beast (D:3)
  A crimson imp (D:3)
  3 adders (D:2)
  A worm (D:3)
  5 dart slugs
  2 leopard geckos
  2 ball pythons (D:2)
  8 bats
  6 giant cockroaches
  9 hobgoblins
  10 jackals (D:2)
  3 quokkas (D:2)
  2 frilled lizards (D:1)
  7 goblins
  5 kobolds
  3 rats
68 creatures vanquished.

Notes
Turn   | Place    | Note
-------+----------+-------------------------------------------
     0 | D:1      | Amciq the Formicid Fighter began the quest for the Orb.
     0 | D:1      | Reached XP level 1. HP: 18/18 MP: 1/1
   119 | D:1      | Reached XP level 2. HP: 18/24 MP: 2/2
   294 | D:1      | Reached skill level 1 in Stealth
   405 | D:1      | Reached XP level 3. HP: 19/29 MP: 3/3
   993 | D:2      | Reached XP level 4. HP: 34/37 MP: 4/4
  1049 | D:2      | Found a shattered altar of Ashenzari.
  1822 | D:3      | Found a sparkling altar of Nemelex Xobeh.
  1859 | D:3      | Reached XP level 5. HP: 42/42 MP: 5/5
  2341 | D:3      | Noticed a sky beast
  2368 | D:3      | Killed a sky beast
  2368 | D:3      | Reached XP level 6. HP: 6/49 MP: 6/6
  2432 | D:3      | Slain by a bullfrog

Vault maps used:
D:1:      saegor_arrival_simple_e, dk_noncrumbling_3, minivault_23
D:2:      ashenzari_altar_1
D:3:      nemelex_xobeh_ov_fountains_minmay, serial_curves, eino_curves_02,
          eino_curves_02

Skill      XL: |  1  2  3  4  5 |
---------------+----------------+-----
Stealth        | 1 2 3 |  3.1
Shields        | 4 |  4.8
Fighting       | 4 |  4.5
Armour         | 4 |  4.3
Maces & Flails | 3 |  3.0

Action                   |  1- 3 |  4- 6 || total
-------------------------+-------+-------++-------
Melee: Flail             |    88 |   172 ||   260
  Use: Scroll            |       |     5 ||     5
       Potion            |       |     1 ||     1
 Stab: Sleeping          |       |     1 ||     1
  Eat: Chunk             |       |     5 ||     5
Armor: Scale mail        |    35 |    73 ||   108
Dodge: Dodged            |    40 |    51 ||    91
Block: Shield            |    49 |    98 ||   147
